 Dungeon Crawl Stone Soup version 0.31-a0-182-gc5ef74bbde (webtiles) character file.

Game seed: 5770761493282217505

86 qw the Chopper (level 4, -7/28 HPs)
             Began as a Gargoyle Fighter on June 20, 2023.
             Killed by divine providence
             ... invoked by an orc priest
              (12 damage)
             ... on level 3 of the Dungeon.
             The game lasted 00:00:37 (1308 turns).

qw the Chopper (Gargoyle Fighter)                   Turns: 1308, Time: 00:00:37

Health: -7/28      AC: 10    Str: 21    XL:     4   Next: 50%
Magic:  4/4        EV:  9    Int:  9    God:
Gold:   105        SH:  4    Dex:  9    Spells: 3/3 levels left

rFire   . . .        Y - +0 war axe
rCold   . . .        c - +0 buckler
rNeg    + . .        b - +0 scale mail
rPois   inf          (no helmet)
rElec   +            (no cloak)
rCorr   .            (no gloves)
SInv    .            (no boots)
Will    .....        (no amulet) Stlth
                     (no ring)
HPRegen 0.24/turn    (no ring)
MPRegen 0.09/turn

%: no passive effects
@: no status effects
A: sickness immunity, AC +3, negative energy resistance 1, electricity
resistance, torment resistance 1, petrification resistance
a: no special abilities


You were on level 3 of the Dungeon.
You visited 1 branch of the dungeon, and saw 3 of its levels.

You collected 105 gold pieces.


Innate Abilities, Weirdness & Mutations

You are immune to sickness and miasma.
Your stone body is resilient. (AC +3)
You are immune to poison.
You resist negative energy. (rN+)
You are resistant to electric shocks. (rElec)
You are resistant to unholy torment.
You are immune to petrification.


   Skills:
 - Level 3.2 Fighting
 + Level 4.2 Axes
 - Level 3.2 Armour
 - Level 3.2 Shields


You had 3 spell levels left.
You didn't know any spells.
Your spell library was empty.

Inventory:

Hand Weapons
 a - a +0 whip
 Y - a +0 war axe (weapon)
Armour
 b - a +0 scale mail (worn)
 c - a +0 buckler (worn)
Jewellery
 f - a ring of ice
Scrolls
 h - 2 scrolls of identify
Potions
 d - a potion of might
 e - a potion of attraction

Dungeon Overview and Level Annotations

Branches:
Dungeon (3/15)

Altars:
Trog
Yredelemnul


Message History

The adder bites you.
You closely miss the adder.
The adder is moderately wounded.
The orc shouts!
You hit the orc. You block the adder's attack.
The adder bites you but does no damage.
The orc wizard hits you but does no damage.
The orc closely misses you.
You slash the adder!
You kill the adder!
You hit the orc wizard. You slash the orc!
You kill the orc!
The orc wizard hits you but does no damage.
You have reached level 4!
You feel clever.
You slash the orc wizard!
You kill the orc wizard!
You hit the orc priest but do no damage.
The orc priest calls down the wrath of Beogh upon you.
Beogh smites you!
Ouch! That really hurt!
The orc priest barely misses you.
Your Axes skill increases to level 4!
You barely miss the orc priest. You block the orc priest's attack.
You closely miss the orc priest. You closely miss the orc.
The orc priest begins to cast a cantrip, but forgets the words!
The orc hits you but does no damage.
You hit the orc priest.
The orc priest is moderately wounded.
You barely miss the orc. You closely miss the orc.
You block the orc priest's attack. You block the orc's attack.
The orc barely misses you.
The orc priest hits you but does no damage.
The orc hits you but does no damage. The orc hits you with a +0 dagger.
You barely miss the orc priest.
The orc priest is moderately wounded.
You closely miss the orc. You slash the orc!
The orc priest mumbles some strange prayers to Beogh against you.
Beogh smites you!
You die...

#.... .# #....
... ##...# ##.##
....# .....
...#......
#..#......
#ooo..._.. #)@#
#..# #..#
#..####^#
...####.........
...........#####
....#####.###.#
#...###...)##.#
..............#


You could see an orc priest and 2 orcs.

Vanquished Creatures
  An orc wizard (D:3)
  2 adders
  2 dart slugs
  5 orcs (D:3)
  3 ball pythons
  A bat (D:1)
  4 endoplasms (D:2)
  4 giant cockroaches
  A hobgoblin (D:2)
  3 kobolds
  2 quokkas (D:1)
  3 goblins
  A rat (D:2)
32 creatures vanquished.

Notes
Turn   | Place    | Note
-------+----------+-------------------------------------------
     0 | D:1      | qw the Gargoyle Fighter began the quest for the Orb.
     0 | D:1      | Reached XP level 1. HP: 14/14 MP: 1/1
     0 | D:1      | 0 ||| qw: Version: 0.3-a-9-g12657ce
     0 | D:1      | 0 ||| qw: Game counter: 1387
     0 | D:1      | 0 ||| qw: Always use a shield: true
     0 | D:1      | 0 ||| qw: God list: Okawaru
     0 | D:1      | 0 ||| qw: Allow faded altars: false
     0 | D:1      | 0 ||| qw: Do Orc after D:15 true
     0 | D:1      | 0 ||| qw: Do second Lair branch before Depths: true
     0 | D:1      | 0 ||| qw: Lair rune preference: random
     0 | D:1      | 0 ||| qw: Plans: Normal, Zot:1-4, Slime:5, God:TSO, Crypt,
                  | Tomb, Abyss, Pan, Hells, Win
     0 | D:1      | 0 ||| PLANNING D:1-11
    35 | D:1      | 35 ||| Stepping ~*~*~tactically~*~*~ (hiding).
    41 | D:1      | Reached skill level 2 in Axes
    96 | D:1      | Reached XP level 2. HP: 19/19 MP: 2/2
   367 | D:1      | 367 ||| READING scroll labelled UTAM NATU BOTH.
   372 | D:1      | 372 ||| READING 3 scrolls labelled ACSADGH BAAMELO.
   373 | D:1      | 373 ||| READING 2 scrolls of identify.
   373 | D:1      | 373 ||| IDENTIFYING cyan potion
   427 | D:2      | Reached skill level 3 in Axes
   427 | D:2      | Reached XP level 3. HP: 22/23 MP: 3/3
  1109 | D:2      | Found a bloodstained altar of Trog.
  1133 | D:2      | 1133 ||| READING scroll labelled YMAWKOOTEUDA.
  1134 | D:2      | 1134 ||| READING scroll labelled IMENUTT VOSOAC.
  1135 | D:2      | 1135 ||| READING scroll labelled OVOAGU KOASIXT.
  1136 | D:2      | 1136 ||| READING 3 scrolls of identify.
  1136 | D:2      | 1136 ||| IDENTIFYING puce potion
  1137 | D:2      | 1137 ||| DROPPING potion of degeneration.
  1177 | D:3      | 1177 ||| STAIRDANCE
  1283 | D:3      | 1283 ||| Stepping ~*~*~tactically~*~*~ (stealth).
  1286 | D:3      | 1286 ||| Stepping ~*~*~tactically~*~*~ (stealth).
  1289 | D:3      | 1289 ||| Stepping ~*~*~tactically~*~*~ (stealth).
  1291 | D:3      | Found a basalt altar of Yredelemnul.
  1304 | D:3      | Reached XP level 4. HP: 22/28 MP: 4/4
  1305 | D:3      | Reached skill level 4 in Axes
  1307 | D:3      | HP: 5/28 [orc/+0 dagger (4)]
  1308 | D:3      | Killed from afar by an orc priest

Levels and vault maps discovered:
D:1:      co_arrival_two_rings, layout_rooms
D:2:      layout_loops_ring, basic_altar, grunt_ministairs_14
D:3:      layout_basic, lemuel_tele_altar, minmay_overflow_temple_star_quad,
          hellmonk_ecumenical_altar_arch_garden

Skill      XL: |  1  2  3  4 |
---------------+-------------+-----
Axes           | 2 3 4 |  4.2
Fighting       | |  3.2
Armour         | |  3.2
Shields        | |  3.2

Action                     |  1- 3 |  4- 6 || total
---------------------------+-------+-------++-------
  Melee: War axe           |    82 |     5 ||    87
    Use: Scroll            |     7 |       ||     7
 Armour: Scale mail        |    36 |     3 ||    39
  Dodge: Dodged            |    31 |     2 ||    33
  Block: Buckler           |    10 |     3 ||    13

Table legend:
 A = Non-vault XP
 B = Vault XP
 C = Vault XP percentage of total XP
 D = Non-vault monster count
 E = Vault monster count
 F = Vault count percentage of total count
                 A         B        C        D         E       F
            +---------+---------+-------+---------+---------+-------
      Total |     121 |       3 |   2.4 |      30 |       2 |   6.2
            +---------+---------+-------+---------+---------+-------
        D:1 |      21 |       0 |   0.0 |      10 |       0 |   0.0
        D:2 |      34 |       3 |   8.1 |      12 |       2 |  14.3
        D:3 |      66 |       0 |   0.0 |       8 |       0 |   0.0
            +---------+---------+-------+---------+---------+-------
